AoeStats
← Phu Thuy

Baltic

510384275Analyzed
4v4 RM · 22h ago on Sep 30, 2026· 44m 0s· 8 players
Game mode
Random Map
Map size
Large (8 player)
Population
200
Speed
Normal
Resources
Standard
Victory
Conquest
Starting age
Dark Age
Ending age
Imperial Age
RankedLock teamsTeams togetherTeam positionsShared explorationLock speedFull tech treeHidden civsTurbo modeCheats
Victory
Defeat
🇬🇧 Poles · United Kingdom
1317
+12
🇬🇧 Berbers · United Kingdom
1285
+13
🇬🇧 Byzantines · United Kingdom
1281
+13
🇬🇧 Koreans · United Kingdom
1257
+13
🇻🇳 Wei · Vietnam
1240
-14
🇨🇳 Hindustanis · China
1223
-13
🇻🇳 Dravidians · Vietnam
1206
-12
🇦🇷 Huns · Argentina
1190
-12
Tin's
11:09 Feudal Age
12:25 Double-Bit Axe
16:09 Gold Mining
17:49 Fletching
19:08 Padded Archer Armor
25:00 Wheelbarrow
24:11 Loom
26:03 Horse Collar
28:42 Castle Age
26:49 Stone Mining
30:22 Hand Cart
29:53 Loom
30:18 Heavy Plow
30:41 Bow Saw
39:07 Imperial Age
小尚
10:44 Feudal Age
11:41 Horse Collar
11:48 Double-Bit Axe
19:03 Wheelbarrow
21:24 Castle Age
20:00 Gold Mining
20:52 Bloodlines
20:51 Scale Barding Armor
22:47 Bow Saw
23:27 Hand Cart
24:57 Gold Shaft Mining
25:39 Husbandry
26:45 Chain Barding Armor
26:28 Loom
32:14 Imperial Age
30:10 Town Watch
30:42 Forging
31:00 Fletching
32:14 Bodkin Arrow
32:45 Ballistics
32:39 Heavy Camel Rider
33:39 Thumb Ring
32:55 Heavy Cavalry Archer
33:39 Padded Archer Armor
34:06 Bracer
34:40 Conscription
35:16 Caravan
37:18 Leather Archer Armor
37:39 Iron Casting
38:08 Chemistry
37:20 Masonry
42:39 Plate Barding Armor
lucasferraro.lp
1:05 Loom
9:51 Feudal Age
15:11 Gold Mining
16:37 Double-Bit Axe
21:41 Castle Age
21:04 Bloodlines
21:01 Scale Barding Armor
21:07 Forging
21:22 Horse Collar
23:53 Gold Shaft Mining
26:33 Wheelbarrow
28:14 Bow Saw
28:07 Stone Mining
29:29 Chain Barding Armor
30:57 Iron Casting
32:05 Hand Cart
31:39 Town Watch
32:11 Fletching
32:22 Scale Mail Armor
32:48 Bodkin Arrow
34:33 Heavy Plow
35:11 Pikeman
35:52 Squires
Phu Thuy
10:32 Feudal Age
11:09 Double-Bit Axe
12:41 Gold Mining
14:40 Loom
14:43 Town Watch
15:45 Horse Collar
20:47 Wheelbarrow
26:32 Castle Age
25:20 Stone Mining
25:30 Fletching
27:48 Bodkin Arrow
32:03 Imperial Age
30:13 Fishing Lines
31:32 Gold Shaft Mining
31:15 Hand Cart
31:34 Medium Warships
31:51 Masonry
32:17 Gillnets
34:25 Stone Shaft Mining
Woodsy777
11:53 Feudal Age
13:25 Loom
16:10 Double-Bit Axe
20:11 Horse Collar
23:10 Fletching
26:40 Castle Age
27:46 Bodkin Arrow
28:18 Medium Warships
28:45 Bow Saw
28:09 Crossbowman
29:50 Thumb Ring
37:09 Imperial Age
38:48 Conscription
37:57 Arbalester
37:58 Elite Skirmisher
40:40 Bracer
41:02 Ballistics
41:36 Heavy Plow
43:29 Chemistry
Fefs80
10:18 Feudal Age
10:50 Double-Bit Axe
13:01 Fletching
15:25 Horse Collar
19:12 Loom
22:44 Castle Age
20:57 Gold Mining
23:51 Heavy Plow
23:51 Bodkin Arrow
24:15 Medium Warships
24:27 Bow Saw
26:45 Ballistics
30:13 Imperial Age
28:46 Stone Mining
30:25 Stone Shaft Mining
31:28 Bloodlines
31:18 Husbandry
31:20 Bracer
32:48 Wheelbarrow
32:39 Conscription
32:21 Kasbah
32:39 Padded Archer Armor
34:04 Leather Archer Armor
34:12 Thumb Ring
35:42 Hand Cart
36:36 Chemistry
35:28 Elite Camel Archer
38:11 Ring Archer Armor
38:25 Heavy Warships
41:01 Crossbowman
41:02 Pikeman
41:43 Squires
41:32 Town Watch
42:50 Maghrebi Camels
43:01 Maghrebi Camels
Rkid69
10:41 Feudal Age
8:58 Loom
12:02 Double-Bit Axe
13:08 Wheelbarrow
24:29 Castle Age
22:42 Gold Mining
23:56 Stone Mining
26:05 Hand Cart
29:49 Imperial Age
27:55 Medium Warships
28:16 Greek Fire
32:45 Conscription
36:33 Scale Barding Armor
36:38 Forging
37:34 Chain Barding Armor
38:27 Scale Mail Armor
39:02 Iron Casting
43:08 Plate Barding Armor
Dexter
10:31 Feudal Age
9:32 Loom
11:07 Double-Bit Axe
12:22 Fletching
15:48 Horse Collar
17:41 Fishing Lines
22:25 Castle Age
21:21 Gold Mining
22:09 Wheelbarrow
23:20 Bow Saw
23:12 Heavy Plow
23:26 Gillnets
23:54 Medium Warships
26:35 Hand Cart
26:06 Town Watch
32:10 Imperial Age
30:26 Stone Mining
32:03 Scale Barding Armor
32:09 Forging
32:18 Husbandry
32:29 Bloodlines
32:45 Caravan
33:17 Coinage
33:08 Chain Barding Armor
32:20 Cavalier
32:26 Cavalier
33:51 Crop Rotation
33:40 Szlachta Privileges
33:56 Conscription
34:14 Bodkin Arrow
34:55 Iron Casting
35:45 Lechitic Legacy
35:58 Light Cavalry
36:55 Winged Hussar
39:42 Blast Furnace
39:52 Bracer
40:55 Chemistry
40:15 Ballistics
39:36 Treadmill Crane
40:07 Masonry
42:25 Fervor
42:52 Stone Shaft Mining
42:20 Scale Mail Armor
42:58 Hoardings
42:32 Siege Engineers
43:16 Chain Mail Armor
42:24 Elite Obuch
43:50 Squires
43:36 Arson
44:27 Plate Mail Armor
Connection lost

Rejoining the realm…

Still unreachable

The connection could not be restored.

Session expired

The server has moved on; the page needs a fresh start.